AoeStats
← [xCs]PLO_Style

Black Forest

508946182Analyzed
4v4 RM · 7d ago on Sep 24, 2026· 64m 21s· 8 players
Game mode
Random Map
Map size
Large (8 player)
Population
200
Speed
Normal
Resources
Standard
Victory
Conquest
Starting age
Dark Age
Ending age
Imperial Age
RankedLock teamsTeams togetherTeam positionsShared explorationLock speedFull tech treeHidden civsTurbo modeCheats
Victory
Defeat
🇷🇺 Franks · Russia
1800
+14
🇷🇺 Mongols · Russia
1792
+15
🇷🇺 Huns · Russia
1749
+17
🇬🇧 Turks · United Kingdom
1730
+17
🇩🇪 Bengalis · Germany
1772
-16
🇲🇰 Bulgarians · North Macedonia
1769
-16
🇩🇪 Malay · Germany
1756
-16
🇨🇦 Burmese · Canada
1755
-15
[RUS-F] Dourdom
1:34 Loom
7:57 Feudal Age
8:43 Double-Bit Axe
15:21 Fletching
16:36 Padded Archer Armor
22:38 Castle Age
21:01 Gold Mining
20:58 Horse Collar
21:02 Fishing Lines
23:03 Town Watch
23:39 Bodkin Arrow
24:06 Bow Saw
23:54 Horse Collar
28:23 Town Watch
29:39 Wheelbarrow
33:30 Imperial Age
31:48 Caravan
33:41 Hand Cart
33:26 Town Patrol
33:51 Heavy Scorpion
35:19 Ballistics
36:00 Chemistry
35:41 Drill
36:22 Gold Shaft Mining
35:49 Heavy Plow
35:50 Capped Ram
36:47 Bracer
37:05 Siege Engineers
37:37 Leather Archer Armor
38:10 Conscription
37:59 Onager
39:04 Scale Barding Armor
39:28 Siege Onager
40:26 Siege Ram
41:40 Fortified Wall
41:40 Masonry
43:11 Coinage
43:19 Gillnets
44:46 Banking
49:19 Light Cavalry
50:09 Bloodlines
50:00 Husbandry
50:21 Chain Barding Armor
52:19 Forging
51:52 Hussar
55:02 Iron Casting
55:26 Scale Mail Armor
58:40 Blast Furnace
63:55 Nomads
Don_Maximiliano
11:09 Feudal Age
12:03 Double-Bit Axe
15:00 Castle Age
12:58 Fishing Lines
16:08 Bow Saw
16:02 Horse Collar
16:22 Gillnets
19:28 Wheelbarrow
19:53 Town Watch
20:29 Loom
21:55 Hand Cart
27:19 Imperial Age
24:40 Gold Mining
24:41 Stone Mining
24:55 Heavy Plow
25:34 Fletching
25:45 Padded Archer Armor
26:52 Ballistics
25:53 Crossbowman
26:47 Bodkin Arrow
27:31 Thumb Ring
28:35 Parthian Tactics
27:30 Heavy Cavalry Archer
28:30 Bracer
29:54 Gold Shaft Mining
29:10 Stone Mining
30:07 Conscription
30:53 Chemistry
31:03 Caravan
31:33 Coinage
31:48 Leather Archer Armor
31:50 Murder Holes
32:45 Bloodlines
32:36 Husbandry
39:02 Elite Skirmisher
50:25 Masonry
60:53 Scale Barding Armor
61:39 Forging
63:51 Two-Man Saw
PLEBUSHEK
0:50 Loom
12:36 Feudal Age
14:03 Double-Bit Axe
17:25 Castle Age
17:13 Fishing Lines
18:19 Bow Saw
18:57 Gillnets
24:06 Wheelbarrow
23:41 Town Watch
24:08 Gold Mining
29:24 Imperial Age
27:15 Scale Barding Armor
27:20 Forging
28:12 Fortified Wall
28:49 Chain Barding Armor
28:39 Forging
29:28 Cavalier
30:08 Husbandry
30:44 Plate Barding Armor
30:36 Hand Cart
30:59 Iron Casting
31:18 Paladin
32:44 Conscription
34:39 Blast Furnace
36:40 Light Cavalry
38:32 Chemistry
38:01 Caravan
39:17 Gold Shaft Mining
38:33 Stone Mining
39:53 Siege Engineers
39:58 Masonry
40:39 Fletching
42:01 Demolition Ship
45:31 Treadmill Crane
46:21 Architecture
46:46 Bodkin Arrow
51:23 Scale Mail Armor
Torpedo
8:43 Feudal Age
11:54 Loom
12:19 Horse Collar
12:25 Double-Bit Axe
24:49 Castle Age
25:33 Fishing Lines
26:04 Bow Saw
30:09 Imperial Age
27:53 Bloodlines
27:44 Husbandry
27:50 Scale Barding Armor
27:37 Gold Mining
27:37 Stone Mining
28:19 Gillnets
29:21 Wheelbarrow
28:32 Town Watch
29:24 Gold Shaft Mining
30:03 Chain Barding Armor
30:14 Heavy Camel Rider
31:51 Plate Barding Armor
31:59 Hand Cart
31:46 Heavy Plow
32:59 Conscription
33:35 Forging
33:17 Fletching
34:56 Two-Man Saw
36:14 Iron Casting
35:41 Caravan
36:38 Bodkin Arrow
36:54 Masonry
37:05 Ballistics
38:26 Blast Furnace
38:32 Hoardings
38:10 Artillery
39:17 Architecture
39:11 Bracer
40:30 Bombard Tower
39:52 Treadmill Crane
40:07 Murder Holes
41:40 Sipahi
40:40 Elite Janissary
41:25 Padded Archer Armor
41:00 Heavy Cavalry Archer
42:05 Parthian Tactics
41:46 Thumb Ring
43:24 Leather Archer Armor
45:30 Guilds
55:58 Ring Archer Armor
Cengo
3:05 Loom
10:39 Feudal Age
19:58 Fletching
22:14 Double-Bit Axe
27:06 Castle Age
27:48 Bodkin Arrow
28:07 Bow Saw
28:43 Wheelbarrow
28:31 Padded Archer Armor
27:55 Crossbowman
28:14 Elite Skirmisher
33:06 Gold Mining
35:43 Leather Archer Armor
38:22 Hand Cart
41:01 Imperial Age
40:49 Caravan
41:13 Elite Elephant Archer
42:48 Bracer
44:27 Chemistry
43:53 Ballistics
44:34 Chemistry
44:14 Ring Archer Armor
[xCs]PLO_Style
8:20 Loom
12:26 Feudal Age
16:03 Castle Age
17:32 Horse Collar
24:51 Stone Mining
24:53 Gold Mining
26:30 Wheelbarrow
25:43 Town Watch
28:42 Imperial Age
26:40 Scale Barding Armor
27:48 Chain Barding Armor
28:12 Husbandry
28:23 Bloodlines
29:19 Hand Cart
30:05 Plate Barding Armor
29:42 Forging
30:50 Chemistry
30:45 Elite Battle Elephant
31:33 Heavy Plow
33:26 Iron Casting
34:31 Treadmill Crane
35:02 Masonry
35:04 Howdah
37:04 Blast Furnace
35:54 Fletching
36:53 Manipur Cavalry
37:14 Conscription
37:42 Sanctity
37:38 Block Printing
37:33 Fervor
38:22 Redemption
38:40 Caravan
38:51 Siege Engineers
40:16 Illumination
41:22 Ballistics
41:33 Architecture
42:49 Bodkin Arrow
47:01 Coinage
48:47 Light Cavalry
54:04 Hussar
Monkey Boy
0:39 Loom
11:26 Feudal Age
14:37 Castle Age
13:27 Double-Bit Axe
13:47 Horse Collar
21:20 Wheelbarrow
21:47 Bow Saw
22:29 Gold Mining
27:39 Imperial Age
25:35 Heavy Plow
26:13 Gold Shaft Mining
26:03 Ballistics
25:44 Fletching
26:20 Bodkin Arrow
27:08 Bracer
28:23 Chemistry
27:48 Crossbowman
28:31 Padded Archer Armor
29:52 Leather Archer Armor
30:08 Thumb Ring
29:34 Arbalester
31:17 Ring Archer Armor
31:17 Conscription
34:21 Hand Cart
33:51 Town Watch
36:23 Caravan
36:36 Guilds
37:27 Stone Mining
38:42 Coinage
39:33 Siege Engineers
39:38 Masonry
45:08 Banking
60:15 Husbandry
59:36 Elite Battle Elephant
60:28 Scale Barding Armor
60:34 Forging
62:44 Iron Casting
64:58 Blast Furnace
[xCs]Bek
11:16 Feudal Age
12:16 Double-Bit Axe
14:57 Castle Age
13:02 Horse Collar
13:19 Fishing Lines
16:01 Bow Saw
16:59 Loom
30:14 Imperial Age
28:37 Wheelbarrow
28:00 Gold Mining
28:01 Stone Mining
28:18 Heavy Plow
29:01 Forging
28:51 Scale Mail Armor
28:56 Pikeman
29:36 Squires
30:40 Chain Mail Armor
31:00 Iron Casting
30:15 Halberdier
31:26 Plate Mail Armor
30:28 Capped Ram
31:29 Siege Ram
32:59 Iron Casting
33:03 Hand Cart
32:13 Onager
33:58 Chemistry
33:18 Ballistics
34:15 Blast Furnace
33:53 Bagains
34:16 Conscription
33:36 Siege Onager
35:05 Crop Rotation
38:10 Siege Engineers
41:35 Heavy Scorpion
44:18 Coinage
43:48 Caravan
Connection lost

Rejoining the realm…

Still unreachable

The connection could not be restored.

Session expired

The server has moved on; the page needs a fresh start.